 Dungeon Crawl Stone Soup version 0.27.1-33-g824d729ab1 (webtiles) character file.

Game seed: 18076698087249381529

2380 pkoi the Martial Artist (level 9, -7/77 HPs)
             Began as a Pale Draconian Monk on Dec 28, 2021.
             Was an Initiate of Gozag.
             Mangled by Erica (11 damage)
             ... on level 7 of the Dungeon.
             The game lasted 00:11:28 (9726 turns).

pkoi the Martial Artist (Pale Draconian Monk)       Turns: 9726, Time: 00:11:28

Health: -7/77      AC:  7    Str: 13    XL:     9   Next: 22%
Magic:  15/15      EV: 16    Int: 13    God:    Gozag
Gold:   865        SH:  0    Dex: 15    Spells: 11/16 levels left

rFire    + . .     SeeInvis .     - Unarmed
rCold    . . .     Faith    .   (no shield)
rNeg     . . .     Spirit   .   (armour unavailable)
rPois    .         Reflect  .   (helmet restricted)
rElec    .         Harm     .   (no cloak)
rCorr    .         Rampage  .   (no gloves)
Will     .....                  (no boots)
Stlth    ++........             (no amulet)
HPRegen  0.22/turn              h - ring of protection from fire
MPRegen  0.14/turn              m - +4 ring of evasion

@: slowed, very slow
A: breathe steam, AC +7, unfitting armour, cold-blooded, steam resistance,
robust 1
a: Breathe Steam, Renounce Religion, Potion Petition, Call Merchant, Bribe
Branch


You were on level 7 of the Dungeon.
You worshipped Gozag.
Gozag was pleased with you.
You visited 2 branches of the dungeon, and saw 9 of its levels.

You collected 865 gold pieces.

Inventory:

Hand Weapons
 a - a +0 rapier
 c - a +1 dagger of venom
Missiles
 f - 93 poisoned darts (quivered)
 p - 6 curare-tipped darts
Jewellery
 h - a ring of protection from fire (left hand)
 i - a ring of flight
 m - a +4 ring of evasion (right hand)
 o - a ring of magical power
Wands
 k - a wand of charming (8)
Scrolls
 b - a scroll of blinking {unknown}
 d - 3 scrolls of enchant weapon {unknown}
 g - 7 scrolls of identify {unknown}
 q - 2 scrolls of vulnerability {unknown}
 r - a scroll of brand weapon {unknown}
 t - a scroll of summoning
Potions
 j - a potion of curing
 l - a potion of berserk rage {unknown}
 n - a potion of cancellation {unknown}
 s - a potion of heal wounds {unknown}
 u - a potion of lignification {unknown}


   Skills:
 - Level 3.2 Fighting
 - Level 2.6 Dodging
 - Level 1.7 Stealth
 * Level 10.7 Unarmed Combat
 + Level 4.2 Spellcasting
 + Level 4.6 Transmutations


You had 11 spell levels left.
You knew the following spells:

 Your Spells              Type           Power      Damage    Failure   Level
a - Blade Hands           Tmut           7%         N/A       63%         5

Your spell library contained the following spells:

 Spells                   Type           Power      Damage    Failure   Level
 Foxfire                  Conj/Fire      8%         2x1d4     21%         1
 Conjure Flame            Conj/Fire      2%         6-21      52%         3
 Inner Flame              Hex/Fire       2%         N/A       52%         3
 Irradiate                Conj/Tmut      4%         3d15      91%         5
 Dragon Form              Tmut           7%         N/A       100%        7


Dungeon Overview and Level Annotations

Branches:
Dungeon (8/15)             Temple (1/1) D:6
   Lair: D:8-11

Altars:
Ashenzari
Cheibriados
Dithmenos
Elyvilon
Fedhas
Gozag
Kikubaaqudgha
Makhleb
Nemelex Xobeh
Okawaru
Qazlal
Ru
Trog
Uskayaw
Vehumet
Wu Jian
Xom
Yredelemnul
Zin
The Shining One

Shops:
D:2 (   D:6 (

Annotations:
D:7 Erica


Innate Abilities, Weirdness & Mutations

You can breathe blasts of scalding, opaque steam.
Your pale cyan-grey scales are hard. (AC +7)
You cannot fit into any form of body armour.
You are cold-blooded and may be slowed by cold attacks.
You are immune to the effects of steam.
You are robust. (+10% HP)


Message History

Erica hits you with a +2 scimitar of flaming!
You hit Erica.
Your tail-slap misses Erica.
Erica is severely wounded.
You barely miss Erica.
Erica is severely wounded.
Erica casts a spell.
Erica flickers and vanishes!
Deactivating autopickup; reactivate with Ctrl-A.
You hit something.
You hear some strange, mumbled words.
A bolt of poison appears from out of thin air!
The bolt of poison hits you!
You are poisoned.
* * * LOW HITPOINT WARNING * * *
You closely miss something. You tail-slap something.
You feel very sick.
You hear some strange, mumbled words.
You feel yourself slow down.
You punch something!
You feel very sick. Something hits you.
* * * LOW HITPOINT WARNING * * *
Something burns you.
* * * LOW HITPOINT WARNING * * *
Unknown command.
Okay, then.
Unknown command.
You feel better.
You have got your breath back.
Something hits you!
* * * LOW HITPOINT WARNING * * *
Something burns you.
* * * LOW HITPOINT WARNING * * *
Unknown command.
Okay, then.
It was a potion of mutation.
You feel extremely strange.
You feel robust. Something hits you!
You die...
Your body crumbles into a pile of gold.

#<############)..# #..
#.#.........))(>.# #..
#.#.##########).## #.# #.#.#
#..# #.# #.#.# #..# #.# #.#.#
#..# #.# #.#.# #..# ######.#
#.#.##########..# #.......
#.#.........@{..######.####.#
#...........###<...........(#
###########............######
##############


There were no monsters in sight!

Vanquished Creatures
  A two-headed ogre (D:5)
  A water moccasin (D:6)
  A sky beast (D:6)
  An ice beast (D:7)
  An ogre (D:6)
  A necrophage (D:7)
  A centaur (D:5)
  2 kobold brigands (D:7)
  A water moccasin zombie (D:5)
  A bullfrog (D:7)
  3 scorpions
  A water moccasin skeleton (D:4)
  3 jellies (D:6)
  2 orc priests
  3 iguanas
  Terence (D:3)
  6 orc wizards
  Natasha (twice) (D:3)
  A scorpion zombie (D:5)
  Robin (D:2)
  3 gnolls (D:3)
  4 adders
  A shadow imp (D:6)
  2 white imps (D:5)
  2 ufetubi
  An adder skeleton (D:4)
  A dart slug (D:1)
  26 orcs
  5 bats
  13 endoplasms
  2 giant cockroaches
  9 goblins
  8 hobgoblins
  4 jackals (D:5)
  19 kobolds
  2 quokkas
  6 ball pythons
  4 frilled lizards
  6 rats
152 creatures vanquished.

Notes
Turn   | Place    | Note
-------+----------+-------------------------------------------
     0 | D:1      | pkoi the Draconian Monk began the quest for the Orb.
     0 | D:1      | Reached XP level 1. HP: 19/19 MP: 1/1
   369 | D:1      | Reached XP level 2. HP: 23/26 MP: 2/2
  1220 | D:1      | Reached skill level 4 in Unarmed Combat
  1644 | D:2      | Noticed an ogre
  1680 | D:2      | Noticed a scorpion
  1690 | D:1      | Killed a scorpion
  1691 | D:1      | Reached skill level 5 in Unarmed Combat
  1691 | D:1      | Reached XP level 3. HP: 23/31 MP: 3/3
  1691 | D:1      | Reached XP level 4. HP: 29/38 MP: 4/4
  2405 | D:2      | Noticed Robin
  2447 | D:2      | Killed Robin
  2721 | D:2      | Found Pyanwih's Antique Weapon Shop.
  3248 | D:3      | Noticed Natasha
  3255 | D:3      | Killed Natasha
  3256 | D:3      | Reached XP level 5. HP: 32/45 MP: 5/5
  3627 | D:3      | Noticed Terence
  3650 | D:3      | Killed Terence
  3651 | D:3      | Reached skill level 6 in Unarmed Combat
  3998 | D:3      | Noticed Natasha
  4017 | D:3      | Killed Natasha
  4528 | D:3      | Reached XP level 6. HP: 50/51 MP: 6/6
  4934 | D:3      | Found a basalt altar of Yredelemnul.
  5050 | D:3      | Reached skill level 7 in Unarmed Combat
  5741 | D:4      | Found an opulent altar of Gozag.
  5750 | D:4      | Became a worshipper of Gozag Ym Sagoz the Greedy
  5829 | D:4      | Reached skill level 8 in Unarmed Combat
  5855 | D:4      | Your scales start taking on a pale cyan-grey colour.
  5855 | D:4      | Reached XP level 7. HP: 27/57 MP: 7/7
  5855 | D:4      | Gained mutation: You are immune to the effects of steam.
                  | [Pale Draconian growth]
  6333 | D:4      | Found a shadowy altar of Dithmenos.
  6427 | D:5      | Entered Level 5 of the Dungeon
  6698 | D:5      | Learned a level 5 spell: Blade Hands
  6820 | D:5      | Noticed a two-headed ogre
  6844 | D:5      | Killed a two-headed ogre
  6845 | D:5      | Reached skill level 9 in Unarmed Combat
  6845 | D:5      | Reached XP level 8. HP: 22/63 MP: 7/11
  7648 | D:6      | Found a radiant altar of Vehumet.
  7653 | D:6      | Found a broken altar of Ashenzari.
  7884 | D:6      | Found a staircase to the Ecumenical Temple.
  8146 | D:6      | Found Teagiso's Antique Weapon Boutique.
  8201 | D:6      | Reached skill level 10 in Unarmed Combat
  8803 | Temple   | Entered the Ecumenical Temple
  8955 | D:7      | Reached XP level 9. HP: 70/70 MP: 14/14
  9093 | D:7      | Found a bloodstained altar of Trog.
  9099 | D:7      | Found a glowing silver altar of Zin.
  9104 | D:7      | Found a sacrificial altar of Ru.
  9170 | D:7      | Noticed a gargoyle
  9695 | D:8      | Noticed Erica
  9726 | D:7      | Gained mutation: You are robust. (+10% HP) [potion of
                  | mutation]
  9726 | D:7      | Mangled by Erica

Illustrated notes

Levels and vault maps discovered:
D:1:      kilobyte_arrival_exit_the_forest, layout_loops_corners,
          roderic_lattice_a, serial_bayou_pond_e, hangedman_decor_push,
          glass_columns_c
D:2:      layout_basic, serial_shops, shop_statue, minmay_liquid_box, uniq_robin
D:3:      layout_loops_corners, general_overflow_altar, uniq_terence,
          uniq_natasha
D:4:      layout_rooms, mainiacjoe_overflow_boulevard,
          nicolae_dithmenos_through_a_glass_darkly
D:5:      layout_basic
D:6:      layout_basic, nicolae_ashenzari_skybound, vehumet_crystals,
          minmay_temple_entry_waves, serial_shops, shop,
          hangedman_abyss_or_decor_stagger
D:7:      layout_loops_ring, minmay_overflow_temple_star_quad, minivault_5,
          kennysheep_opposing_triangles
D:8:      layout_cave_pools, beargit_hepliaklqana_dungeon_heroes, serial_shops,
          shop, amethyst_killhole, kennysheep_potato, uniq_psyche, uniq_erica,
          uniq_maggie
Temple:   nicolae_temple_hex_pool

Skill      XL: |  1  2  3  4  5  6  7  8  9 |
---------------+----------------------------+-----
Unarmed Combat | 5 6 8 9 10 | 10.7
Spellcasting   | 2 3 4 |  4.2
Transmutations | 2 4 |  4.6
Fighting       | |  3.2
Dodging        | |  2.6
Stealth        | |  1.7

Action                   |  1- 3 |  4- 6 |  7- 9 || total
-------------------------+-------+-------+-------++-------
Melee: Unarmed           |    50 |       |   134 ||   184
       Tailslap          |     6 |    35 |    27 ||    68
       Punch             |     1 |     9 |     8 ||    18
       Dagger            |    12 |   241 |    46 ||   299
Throw: Dart              |       |    17 |     4 ||    21
 Abil: Breathe Steam     |       |       |    17 ||    17
  Use: Scroll            |       |       |     1 ||     1
       Potion            |       |       |     2 ||     2
 Stab: Sleeping          |     4 |     6 |     4 ||    14
       Distracted        |       |       |     1 ||     1
Armor: Skin              |    17 |    71 |    33 ||   121
Dodge: Dodged            |    26 |   158 |   113 ||   297
